 Dungeon Crawl Stone Soup version 0.24.0-37-gcf1ca852f1 (webtiles) character file.

Game seed: 15062870120996029422, levelgen mode: deterministic

27 Korkiloff the Skirmisher (level 2, -4/24 HPs)
             Began as a Demonspawn Abyssal Knight on Dec 8, 2019.
             Was a Follower of Lugonu.
             Slain by Sigmund
             ... wielding a +0 scythe
              (10 damage)
             ... on level 2 of the Dungeon.
             The game lasted 00:02:47 (583 turns).

Korkiloff the Skirmisher (Demonspawn Abyssal Knight) Turns: 583, Time: 00:02:48

Health: -4/24      AC:  3    Str: 12    XL:     2   Next: 93%
Magic:  3/3        EV: 11    Int: 18    God:    Lugonu [*.....]
Gold:   82         SH:  4    Dex: 12    Spells: 1/1 levels left

rFire    . . .     SeeInvis .   f - +3 short sword
rCold    . . .     Gourm    .   (no shield)
rNeg     . . .     Faith    .   b - +0 leather armour
rPois    .         Spirit   .   (no helmet)
rElec    .         Reflect  .   (no cloak)
rCorr    .         Harm     .   (no gloves)
MR       .....                  (no boots)
Stlth    +.........             (no amulet)
HPRegen  0.08/turn              (no ring)
MPRegen  0.08/turn              (no ring)

@: brilliant
A: large bone plates 1
a: Depart the Abyss, Renounce Religion


You were on level 2 of the Dungeon.
You worshipped Lugonu.
Lugonu was aware of your devotion.
You were not hungry.

You visited 1 branch of the dungeon, and saw 2 of its levels.
You visited the Abyss 1 time.

You collected 82 gold pieces.

Inventory:

Hand Weapons
 a - a +1 falchion
 f - a +3 short sword (weapon)
Missiles
 e - 19 sling bullets
Armour
 b - a +0 leather armour (worn)
Scrolls
 g - a scroll of fear {unknown}
 h - a scroll of teleportation {unknown}
 j - a scroll of fog {unknown}
 k - 3 scrolls of remove curse {unknown}
Potions
 i - a potion of brilliance
Comestibles
 c - a ration


   Skills:
 + Level 3.4 Fighting
 + Level 0.5(1.4) Short Blades
 + Level 2.0(2.1) Long Blades
 + Level 2.0 Armour
 + Level 1.3 Dodging
 + Level 2.4 Invocations


You had one spell level left.
You didn't know any spells.
Your spell library was empty.

Dungeon Overview and Level Annotations

Branches:
Dungeon (2/15)

Altars:

Annotations:
D:2 Sigmund


Innate Abilities, Weirdness & Mutations

You are partially covered in large bone plates. (SH +4)


Message History

You barely miss Sigmund.
Sigmund is lightly wounded.
Sigmund gestures wildly while chanting.
Sigmund flickers and vanishes!
Deactivating autopickup; reactivate with Ctrl-A.
Okay, then.
You hit something.
You hear some strange, mumbled words.
A puff of flame appears from out of thin air!
The puff of flame hits you!
Ouch! That really hurt!
It was a potion of brilliance.
You feel clever all of a sudden. Something hits you but does no damage.
It was a potion of curing.
You feel better. Something hits you!
You miss something. You hit something. Something hits you.
* * * LOW HITPOINT WARNING * * *
Something hits you!
You die...

.......# ......#
...... ....# ###
...# #.. .s# # #.#
#{# # #.# #.#
###.############@#
.................#
....##############
.#### .# .# <# .#
.#


You could see a giant cockroach.

Vanquished Creatures
  An ooze (D:1)
  2 dart slugs (D:1)
  A leopard gecko (D:1)
  A goblin (D:1)
  4 hobgoblins (D:1)
  5 kobolds (D:1)
  A frilled lizard (D:1)
  2 rats (D:1)
17 creatures vanquished.

Notes
Turn   | Place    | Note
-------+----------+-------------------------------------------
     0 | Abyss:1  | Korkiloff the Demonspawn Abyssal Knight began the quest for
                  | the Orb.
     0 | Abyss:1  | Reached XP level 1. HP: 18/18 MP: 2/2
    36 | Abyss:1  | Noticed an ancient zyme
    41 | D:1      | Escaped the Abyss
   120 | D:1      | Reached skill level 1 in Dodging
   180 | D:1      | Reached * piety under Lugonu
   191 | D:1      | Gained mutation: You are partially covered in large bone
                  | plates. (SH +4) [demonic ancestry]
   191 | D:1      | Reached XP level 2. HP: 20/24 MP: 3/3
   573 | D:2      | Noticed Sigmund
   583 | D:2      | Slain by Sigmund

Levels and vault maps discovered:
D:1:      wheals_arrival_shading, layout_basic
D:2:      layout_loops_ring, ashenzari_conservatory_becter, first_ration,
          uniq_sigmund

Skill      XL: |  1  2 |
---------------+-------+-----
Dodging        | 1 |  1.3
Armour         | 2 |  2.0
Long Blades    | 2 |  2.0
Fighting       | |  3.4
Short Blades   | |  0.5
Invocations    | |  2.4

Action                   || total
-------------------------++-------
Melee: Falchion          ||    22
       Short sword       ||    28
Invok: Depart the Abyss  ||     1
  Use: Potion            ||     3
Armor: Leather armour    ||     7
Dodge: Dodged            ||    28
Block: Other             ||     3
       Rpst.: Falchion   ||     6
